3L
ROCKY MOUNTAIN NUGGETS @ LAS VEGAS FLAMINGOS
09/27/2025
 
TOP OF THE 1ST
Rocky Mountain Nuggets batting - Pitching for Las Vegas Flamingos : RHP Cris Herrera
Pitching: RHP Cris Herrera
Batting: RHB Iván Vega 0-0: Foul Ball, location: 2F
0-1: Fly out, F8 (Flyball, 8RXD)
Batting: LHB Javier Sánchez 0-0: Called Strike
0-1: Ball
1-1: SINGLE (Groundball, 34D)
Batting: RHB Andrés Rodríguez 0-0: Called Strike
0-1: Fly out, F7 (Flyball, 78D)
Now in LF: Sinclair van Kooten
Batting: LHB Randy Bowen 0-0: Foul Ball, location: 2F
0-1: Foul Ball, location: 2F
0-2: Fly out, F4 (Line Drive, 4)
Top of the 1st over - 0 run(s), 1 hit(s), 0 error(s), 1 left on base; Rocky Mountain 0 - Las Vegas 0
BOTTOM OF THE 1ST
Las Vegas Flamingos batting - Pitching for Rocky Mountain Nuggets : RHP Cipriano Costa
Pitching: RHP Cipriano Costa
Batting: LHB Roberto Salazar 0-0: Ball
1-0: Ball
2-0: Ball
3-0: Called Strike
3-1: Base on Balls
Batting: RHB Xavier Hernández 0-0: Ball
Roberto Salazar steals 2nd base
1-0: Called Strike
1-1: Ball
2-1: Called Strike
2-2: Ball
3-2: Strikes out looking
Batting: LHB Victor Adams 0-0: Ball
Roberto Salazar steals 3rd base
1-0: Ball
2-0: Ball
3-0: Base on Balls
Batting: LHB Chris McKinney 0-0: Swinging Strike
0-1: Swinging Strike
0-2: Ball
1-2: Strikes out swinging
Batting: RHB Sake van Arem 0-0: Called Strike
0-1: Fly out, F5 (Popup, 56S)
Bottom of the 1st over - 0 run(s), 0 hit(s), 0 error(s), 2 left on base; Rocky Mountain 0 - Las Vegas 0
TOP OF THE 2ND
Rocky Mountain Nuggets batting - Pitching for Las Vegas Flamingos : RHP Cris Herrera
Batting: RHB Paul Smith 0-0: Ball
1-0: Foul Ball, location: 2F
1-1: Fly out, F7 (Flyball, 7S)
Batting: RHB Gary Chalmers 0-0: Ball
1-0: SINGLE (Groundball, 13S) (infield hit)
Batting: RHB Javier Martínez 0-0: Fly out, F6 (Flyball, 6D)
Batting: RHB Wes Shannon 0-0: Called Strike
0-1: Ball
1-1: Fielders Choice at 2nd, 4-6 (Groundball, 4)
Top of the 2nd over - 0 run(s), 1 hit(s), 0 error(s), 0 left on base; Rocky Mountain 0 - Las Vegas 0
BOTTOM OF THE 2ND
Las Vegas Flamingos batting - Pitching for Rocky Mountain Nuggets : RHP Cipriano Costa
Batting: RHB Jeff Young 0-0: Swinging Strike
0-1: Swinging Strike
0-2: Ball
1-2: Strikes out looking
Batting: LHB Sinclair van Kooten 0-0: Ball
1-0: Fly out, F8 (Flyball, 8RM)
Batting: SHB Kunimichi Chikafuji 0-0: Foul Ball, location: 2F
0-1: Ball
1-1: SINGLE (Groundball, 34D)
Batting: RHB Edmund Gallagher 0-0: Ball
1-0: Reached on error, E6 (Groundball, 6)
Kunimichi Chikafuji to second
Batting: LHB Roberto Salazar 0-0: Ball
1-0: Ball
2-0: Ball
3-0: Called Strike
3-1: Fly out, F7 (Flyball, 7LS)
Bottom of the 2nd over - 0 run(s), 1 hit(s), 1 error(s), 2 left on base; Rocky Mountain 0 - Las Vegas 0
TOP OF THE 3RD
Rocky Mountain Nuggets batting - Pitching for Las Vegas Flamingos : RHP Cris Herrera
Batting: RHB Mark Melton 0-0: Called Strike
0-1: Ball
1-1: Fly out, F3 (Popup, 3D)
Batting: RHB Iván Vega 0-0: Called Strike
0-1: Ball
1-1: Ball
2-1: Ground out 5-3 (Groundball, 56)
Batting: LHB Javier Sánchez 0-0: Foul Ball, location: 2F
0-1: DOUBLE (Line Drive, 8RXD)
Batting: RHB Andrés Rodríguez 0-0: Ball
1-0: Foul Ball, location: 2F
1-1: Called Strike
1-2: Ball
2-2: Ball
3-2: Foul Ball, location: 2F
3-2: Strikes out looking
Top of the 3rd over - 0 run(s), 1 hit(s), 0 error(s), 1 left on base; Rocky Mountain 0 - Las Vegas 0
BOTTOM OF THE 3RD
Las Vegas Flamingos batting - Pitching for Rocky Mountain Nuggets : RHP Cipriano Costa
Batting: RHB Xavier Hernández 0-0: Ball
1-0: Called Strike
1-1: Foul Ball, location: 2F
1-2: Strikes out swinging
Batting: LHB Victor Adams 0-0: Called Strike
0-1: Foul Ball, location: 2F
0-2: Ball
1-2: Strikes out looking
Batting: LHB Chris McKinney 0-0: Ball
1-0: Ball
2-0: Called Strike
2-1: Ground out 4-3 (Groundball, 34)
Bottom of the 3rd over - 0 run(s), 0 hit(s), 0 error(s), 0 left on base; Rocky Mountain 0 - Las Vegas 0
TOP OF THE 4TH
Rocky Mountain Nuggets batting - Pitching for Las Vegas Flamingos : RHP Cris Herrera
Batting: LHB Randy Bowen 0-0: Foul Ball, location: 2F
0-1: Ball
1-1: Foul Ball, location: 2F
1-2: Strikes out swinging
Batting: RHB Paul Smith 0-0: Ball
1-0: Foul Ball, location: 2F
1-1: Ball
2-1: Foul Ball, location: 2F
2-2: Ground out 3-1 (Groundball, 34S)
Batting: RHB Gary Chalmers 0-0: Fly out, F7 (Flyball, 78S)
Top of the 4th over - 0 run(s), 0 hit(s), 0 error(s), 0 left on base; Rocky Mountain 0 - Las Vegas 0
BOTTOM OF THE 4TH
Las Vegas Flamingos batting - Pitching for Rocky Mountain Nuggets : RHP Cipriano Costa
Batting: RHB Sake van Arem 0-0: Ball
1-0: Swinging Strike
1-1: Ground out 1-3 (Groundball, P)
Batting: RHB Jeff Young 0-0: Ball
1-0: Ball
2-0: Swinging Strike
2-1: DOUBLE (Groundball, 3L)
Batting: LHB Sinclair van Kooten 0-0: Foul Ball, location: 2F
0-1: Swinging Strike
0-2: SINGLE (Groundball, 6MD)
Jeff Young to third
Runner from 3rd tries for Home, SAFE, throw made home
Sinclair van Kooten to second
Batting: SHB Kunimichi Chikafuji 0-0: Swinging Strike
0-1: Ball
1-1: Ball
Sinclair van Kooten is caught stealing 3rd base
2-1: Swinging Strike
2-2: Ground out 4-3 (Groundball, 4)
Bottom of the 4th over - 1 run(s), 2 hit(s), 0 error(s), 0 left on base; Rocky Mountain 0 - Las Vegas 1
TOP OF THE 5TH
Rocky Mountain Nuggets batting - Pitching for Las Vegas Flamingos : RHP Cris Herrera
Batting: RHB Javier Martínez 0-0: Called Strike
0-1: Foul Ball, location: 2F
0-2: Foul Ball, location: 2F
0-2: Reached via error on a dropped throw, E1
Batting: RHB Wes Shannon 0-0: SINGLE (Groundball, 4MD)
Javier Martínez to second
Runner from 2nd tries for 3rd, SAFE, throw made to third
Wes Shannon to second
Batting: RHB Mark Melton 0-0: Called Strike
0-1: SINGLE (Groundball, 56D)
Javier Martínez scores
Wes Shannon to third
Runner from 3rd tries for Home, SAFE, no throw
Batting: RHB Iván Vega 0-0: Ball
1-0: Sac Bunt - play at first, batter OUT! 1-4
Mark Melton to second
Batting: LHB Javier Sánchez 0-0: Called Strike
0-1: Ball
1-1: Ball
2-1: Fly out, F8 (Flyball, 78S)
Batting: RHB Andrés Rodríguez 0-0: Foul Ball, location: 2F
0-1: Called Strike
0-2: Ball
1-2: Ball
2-2: Foul Ball, location: 2F
2-2: Ball
3-2: Foul Ball, location: 2F
3-2: Ground out 5-3 (Groundball, 56S)
Top of the 5th over - 2 run(s), 2 hit(s), 1 error(s), 1 left on base; Rocky Mountain 2 - Las Vegas 1
BOTTOM OF THE 5TH
Las Vegas Flamingos batting - Pitching for Rocky Mountain Nuggets : RHP Cipriano Costa
Batting: RHB Edmund Gallagher 0-0: Called Strike
0-1: Ball
1-1: Swinging Strike
1-2: Foul Ball, location: 2F
1-2: Ball
2-2: Foul Ball, location: 2F
2-2: Ground out 1-3 (Groundball, 13S)
Batting: LHB Roberto Salazar 0-0: Ball
1-0: SINGLE (Line Drive, 6MD)
Batting: RHB Xavier Hernández 0-0: Called Strike
0-1: Ball
1-1: Called Strike
1-2: Strikes out looking
Batting: LHB Victor Adams 0-0: Ball
1-0: Ball
2-0: Called Strike
2-1: Ball
3-1: Fly out, F7 (Flyball, 7LSF)
Bottom of the 5th over - 0 run(s), 1 hit(s), 0 error(s), 1 left on base; Rocky Mountain 2 - Las Vegas 1
TOP OF THE 6TH
Rocky Mountain Nuggets batting - Pitching for Las Vegas Flamingos : RHP Cris Herrera
Batting: LHB Randy Bowen 0-0: Called Strike
0-1: Foul Ball, location: 2F
0-2: Ball
1-2: Foul Ball, location: 2F
1-2: Ball
2-2: Ground out 4-3 (Groundball, 4)
Batting: RHB Paul Smith 0-0: Ball
1-0: Called Strike
1-1: Fly out, F8 (Flyball, 8RM)
Batting: RHB Gary Chalmers 0-0: Called Strike
0-1: Swinging Strike
0-2: Strikes out looking
Top of the 6th over - 0 run(s), 0 hit(s), 0 error(s), 0 left on base; Rocky Mountain 2 - Las Vegas 1
BOTTOM OF THE 6TH
Las Vegas Flamingos batting - Pitching for Rocky Mountain Nuggets : RHP Cipriano Costa
Now at C: Juan Sánchez
Batting: LHB Chris McKinney 0-0: Ball
1-0: Ball
2-0: Ball
3-0: Called Strike
3-1: Base on Balls
Batting: RHB Sake van Arem 0-0: Called Strike
0-1: Ball
1-1: Ball
2-1: Swinging Strike
2-2: SINGLE (Line Drive, 6MD)
Chris McKinney to second
Pinch Runner at 2nd Terry Sylvester:
Batting: RHB Jeff Young 0-0: Fly out, F8 (Flyball, 8LM)
Batting: LHB Sinclair van Kooten 0-0: Ball
1-0: Fielders Choice at 2nd, 4-6 (Groundball, 4)
Terry Sylvester to third
Batting: SHB Kunimichi Chikafuji 0-0: Ball
1-0: Fly out, F4 (Popup, 34)
Bottom of the 6th over - 0 run(s), 1 hit(s), 0 error(s), 2 left on base; Rocky Mountain 2 - Las Vegas 1
TOP OF THE 7TH
Rocky Mountain Nuggets batting - Pitching for Las Vegas Flamingos : RHP Cris Herrera
Now in LF: Terry Sylvester
Batting: RHB Javier Martínez 0-0: Foul Ball, location: 2F
0-1: Ball
1-1: Fly out, F8 (Flyball, 8RM)
Batting: RHB Wes Shannon 0-0: Called Strike
0-1: SINGLE (Line Drive, 7S)
Batting: RHB Mark Melton 0-0: Ball
1-0: Called Strike
Wes Shannon steals 2nd base
1-1: Called Strike
1-2: Ball
2-2: Ball
3-2: Ground out 1-3 (Groundball, P)
Wes Shannon to third
Batting: RHB Iván Vega 0-0: Swinging Strike
0-1: Ball
1-1: Foul Ball, location: 2F
1-2: Ball
2-2: Strikes out swinging
Top of the 7th over - 0 run(s), 1 hit(s), 0 error(s), 1 left on base; Rocky Mountain 2 - Las Vegas 1
BOTTOM OF THE 7TH
Las Vegas Flamingos batting - Pitching for Rocky Mountain Nuggets : RHP Cipriano Costa
Batting: RHB Edmund Gallagher 0-0: Fly out, F7 (Flyball, 7LS)
Batting: LHB Roberto Salazar 0-0: Ball
1-0: Ball
2-0: Ground out 6-3 (Groundball, 6)
Batting: RHB Xavier Hernández 0-0: Ball
1-0: Foul Ball, location: 2F
1-1: Ground out 6-3 (Groundball, 6)
Bottom of the 7th over - 0 run(s), 0 hit(s), 0 error(s), 0 left on base; Rocky Mountain 2 - Las Vegas 1
TOP OF THE 8TH
Rocky Mountain Nuggets batting - Pitching for Las Vegas Flamingos : RHP Cris Herrera
Batting: LHB Javier Sánchez 0-0: Called Strike
0-1: Ball
1-1: Ball
2-1: Foul Ball, location: 2F
2-2: Foul Ball, location: 2F
2-2: Strikes out swinging
Pitching: RHP Ron Yarbrough
Batting: RHB Andrés Rodríguez 0-0: Foul Ball, location: 2F
0-1: Fly out, F9 (Flyball, 9S)
Batting: LHB Randy Bowen 0-0: SINGLE (Line Drive, 34)
Pinch Hitting: RHB Michael Riley 0-0: Ball
1-0: Ball
2-0: Fly out, F6 (Line Drive, 6)
Top of the 8th over - 0 run(s), 1 hit(s), 0 error(s), 1 left on base; Rocky Mountain 2 - Las Vegas 1
BOTTOM OF THE 8TH
Las Vegas Flamingos batting - Pitching for Rocky Mountain Nuggets : RHP Cipriano Costa
Pitching: LHP Pedro Pacheco
Now at 3B: Mike Green
Batting: LHB Victor Adams 0-0: Ball
1-0: Ball
2-0: Ball
3-0: Called Strike
3-1: Base on Balls
Pitching: RHP Jorge Garza
Pinch Hitting: RHB John Aston 0-0: Swinging Strike
0-1: Ball
1-1: Foul Ball, location: 2F
1-2: Foul Ball, location: 2F
1-2: Grounds into double play, 5-4-3 (Groundball, 56)
Batting: RHB Sake van Arem 0-0: Ground out 5-3 (Groundball, 56)
Bottom of the 8th over - 0 run(s), 0 hit(s), 0 error(s), 0 left on base; Rocky Mountain 2 - Las Vegas 1
TOP OF THE 9TH
Rocky Mountain Nuggets batting - Pitching for Las Vegas Flamingos : RHP Ron Yarbrough
Now at 1B: Rob Thomason
Batting: SHB Juan Sánchez 0-0: Called Strike
0-1: DOUBLE (Flyball, 78D)
Pinch Hitting: LHB Juan Ríos 0-0: Called Strike
0-1: Ball
1-1: Ball
2-1: Swinging Strike
2-2: Foul Ball, location: 2F
2-2: Strikes out swinging
Batting: RHB Wes Shannon 0-0: Ball
Wild Pitch!
Juan Sánchez to third
1-0: Ball
2-0: Ball
3-0: Base on Balls
Batting: RHB Mark Melton 0-0: Foul Ball, location: 2F
0-1: Foul Ball, location: 2F
0-2: Foul Ball, location: 2F
0-2: Ball
1-2: Ball
2-2: Foul Ball, location: 2F
2-2: Foul Ball, location: 2F
2-2: Ball
Wes Shannon steals 2nd base
3-2: Foul Ball, location: 2F
3-2: Foul Ball, location: 2F
3-2: Fly out, F8 (Flyball, 8LM)
Runner from 3rd tags up, SCORES, throw made
Batting: RHB Iván Vega 0-0: Ball
1-0: Fly out, F8 (Flyball, 78S)
Top of the 9th over - 1 run(s), 1 hit(s), 0 error(s), 1 left on base; Rocky Mountain 3 - Las Vegas 1
BOTTOM OF THE 9TH
Las Vegas Flamingos batting - Pitching for Rocky Mountain Nuggets : RHP Jorge Garza
Pitching: RHP Hunter Wilson
Now in LF: Juan Ríos
Batting: RHB Jeff Young 0-0: Called Strike
0-1: Ball
1-1: Ball
2-1: Foul Ball, location: 2F
2-2: Ball
3-2: Foul Ball, location: 2F
3-2: Base on Balls
Batting: LHB Sinclair van Kooten 0-0: Called Strike
0-1: Ball
1-1: Swinging Strike
1-2: Foul Ball, location: 2F
1-2: Foul Ball, location: 2F
1-2: Ball
2-2: Strikes out swinging
Batting: SHB Kunimichi Chikafuji 0-0: Ball
1-0: Called Strike
1-1: Swinging Strike
1-2: Fly out, F4 (Popup, 4)
Pinch Hitting: SHB Wilbert Carter 0-0: Ball
1-0: Foul Ball, location: 2F
1-1: Ball
2-1: Called Strike
2-2: Ball
3-2: Foul Ball, location: 2F
3-2: Foul Ball, location: 2F
3-2: Foul Ball, location: 2F
3-2: Base on Balls
Jeff Young to second
Batting: LHB Roberto Salazar 0-0: Ball
1-0: Ball
2-0: Called Strike
2-1: Ground out U3 (Groundball, 34)
Bottom of the 9th over - 0 run(s), 0 hit(s), 0 error(s), 2 left on base; Rocky Mountain 3 - Las Vegas 1
Friday, December 30th, 2016 - OOTP Baseball 17.12 Build 75